 Dungeon Crawl Stone Soup version 0.20.1-1-g8b1a95d (webtiles) character file.

807 OdinFK the Carver (level 7, -2/62 HPs)
             Began as a Minotaur Berserker on Oct 20, 2017.
             Was a Believer of Trog.
             Slain by a yak (10 damage)
             ... on level 4 of the Dungeon.
             The game lasted 00:06:04 (2542 turns).

OdinFK the Carver (Minotaur Berserker)              Turns: 2542, Time: 00:06:04

Health: -2/62      AC:  5    Str: 23    XL:     7   Next: 60%
Magic:  6/6        EV: 13    Int:  4    God:    Trog [**....]
Gold:   215        SH:  0    Dex: 10    Spells: 6/6 levels left

rFire    . . .     SeeInvis .   a - +0 falchion
rCold    . . .     Gourm    .   (no shield)
rNeg     . . .     Faith    .   r - +0 leather armour (curse)
rPois    .         Spirit   .   (helmet restricted)
rElec    .         Reflect  .   m - +0 cloak
rCorr    .         Harm     .   x - +0 pair of gloves
MR       .....                  (no boots)
Stlth    +.........             (no amulet)
Regen    0.2/turn               (no ring)
MPRegen  0.1/turn               (no ring)

@: starving
A: retaliatory headbutt, horns 2
a: Berserk, Trog's Hand, Burn Spellbooks, Renounce Religion


You were on level 4 of the Dungeon.
You worshipped Trog.
Trog was pleased with you.
You were starving.

You visited 1 branch of the dungeon, and saw 4 of its levels.

You collected 215 gold pieces.

Inventory:

Hand Weapons
 a - a +0 falchion (weapon)
 n - a +2 quarterstaff of chaos
Armour
 m - a +0 cloak (worn)
 r - a cursed +0 leather armour (worn)
 s - a +0 ring mail
 x - a +0 pair of gloves (worn)
Jewellery
 b - a cursed ring of teleportation {unknown}
 u - an uncursed ring of stealth {unknown}
 v - an uncursed ring of flight {unknown}
Wands
 q - a wand of clouds (4/9)
Scrolls
 d - 2 scrolls of noise {unknown}
 g - 2 scrolls of identify {unknown}
 h - 3 scrolls of remove curse {unknown}
 k - a scroll of enchant weapon {unknown}
 o - a scroll of random uselessness {unknown}
 t - a scroll of blinking {unknown}
 w - a scroll of fear {unknown}
Potions
 e - a potion of flight {unknown}
 i - a potion of curing {unknown}
 j - a potion of agility {unknown}
 l - a potion of lignification {unknown}
 p - a potion of degeneration {unknown}
Comestibles
 c - 3 bread rations
 f - 2 meat rations


   Skills:
 + Level 5.8 Fighting
 + Level 8.6 Long Blades
 + Level 3.1 Armour
 + Level 4.1 Dodging
 + Level 1.0 Stealth


You had 6 spell levels left.
You didn't know any spells.

Dungeon Overview and Level Annotations

Branches:
Dungeon (4/15)
 Temple: D:4-7

Altars:
Elyvilon
Fedhas
Hepliaklqana
Qazlal


Innate Abilities, Weirdness & Mutations

You reflexively headbutt those who attack you in melee.
You have a pair of horns on your head.


Message History

The yak gores you.
* * * LOW HITPOINT WARNING * * *
You barely miss the yak.
The yak is heavily wounded.
The yak gores you.
* * * LOW HITPOINT WARNING * * *
You hit the yak.
The yak is heavily wounded.
The yak gores you!
* * * LOW HITPOINT WARNING * * *
You hit the yak but do no damage.
The yak is heavily wounded.
The yak misses you.
You barely miss the yak.
The yak is heavily wounded.
The yak gores you but does no damage.
You barely miss the yak. Your headbutt misses the yak.
The yak is heavily wounded.
The yak gores you!
You die...

#.# #.#
################.#
..............)#.#
##############.#.#
#.#.# #.#.# #.#Y#
#.#@# #.#.# #...#
#####


You could see a yak.

Vanquished Creatures
  4 yaks (D:4)
  Crazy Yiuf (D:2)
  An orc priest (D:4)
  Jessica (D:3)
  2 worker ants (D:4)
  Ijyb (D:3)
  An adder (D:2)
  4 oozes (D:1)
  A worm (D:2)
  2 dart slugs
  A leopard gecko (D:1)
  3 orcs (D:4)
  3 goblins (D:1)
  4 hobgoblins
  3 jackals (D:4)
  8 kobolds
  2 quokkas
  A ball python (D:2)
  5 bats
  2 frilled lizards (D:1)
  13 rats
  2 fungi (D:2)
65 creatures vanquished.

Vanquished Creatures (others)
  An orc wizard (D:4)
1 creature vanquished.

Grand Total: 66 creatures vanquished

Notes
Turn   | Place    | Note
-------+----------+-------------------------------------------
     0 | D:1      | OdinFK the Minotaur Berserker began the quest for the Orb.
     0 | D:1      | Reached XP level 1. HP: 19/19 MP: 0/0
    39 | D:1      | Reached skill level 4 in Long Blades
    39 | D:1      | Reached XP level 2. HP: 27/27 MP: 1/1
   152 | D:1      | Reached XP level 3. HP: 28/33 MP: 2/2
   401 | D:1      | Reached ** piety under Trog
   525 | D:2      | Found a faded altar of an unknown god.
   618 | D:2      | Reached skill level 5 in Long Blades
   783 | D:2      | Reached XP level 4. HP: 18/41 MP: 3/3
   784 | D:2      | Found a hazy altar of Hepliaklqana.
   841 | D:2      | Found a white marble altar of Elyvilon.
  1186 | D:2      | Found a runed door.
  1190 | D:2      | Noticed Crazy Yiuf
  1194 | D:2      | Killed Crazy Yiuf
  1319 | D:3      | Noticed Ijyb
  1341 | D:3      | Killed Ijyb
  1360 | D:3      | Noticed Jessica
  1366 | D:3      | Killed Jessica
  1366 | D:3      | Reached XP level 5. HP: 47/47 MP: 4/4
  1880 | D:3      | Found a stormy altar of Qazlal.
  2005 | D:4      | Reached skill level 6 in Long Blades
  2016 | D:4      | Found a blossoming altar of Fedhas.
  2483 | D:4      | Noticed a yak
  2484 | D:4      | Noticed a yak
  2485 | D:4      | Noticed a yak
  2486 | D:4      | Noticed a yak
  2487 | D:4      | Noticed a yak
  2490 | D:4      | Killed a yak
  2490 | D:4      | Reached skill level 5 in Fighting
  2490 | D:4      | Reached skill level 7 in Long Blades
  2490 | D:4      | Reached XP level 6. HP: 50/56 MP: 5/5
  2499 | D:4      | Killed a yak
  2499 | D:4      | Reached XP level 7. HP: 56/61 MP: 6/6
  2500 | D:4      | Killed a yak
  2500 | D:4      | Reached skill level 8 in Long Blades
  2500 | D:4      | Reached skill level 1 in Stealth
  2533 | D:4      | Killed a yak
  2542 | D:4      | Slain by a yak

Skill      XL: |  1  2  3  4  5  6  7 |
---------------+----------------------+-----
Long Blades    | 4 5 7 8 |  8.6
Fighting       | 4 5 |  5.8
Dodging        | 3 4 |  4.1
Stealth        | 1 |  1.0
Armour         | 3 |  3.1

Action                   |  1- 3 |  4- 6 |  7- 9 || total
-------------------------+-------+-------+-------++-------
Melee: Falchion          |    68 |    87 |    15 ||   170
       Headbutt          |    12 |    25 |     4 ||    41
Invok: Berserk           |       |     3 |       ||     3
       Trog's Hand       |       |       |     2 ||     2
  Eat: Chunk             |       |     7 |       ||     7
Armor: Animal skin       |     9 |     1 |       ||    10
       Leather armour    |       |     9 |     3 ||    12
Dodge: Dodged            |    41 |    33 |    11 ||    85
       Rpst.: Falchion   |     7 |    10 |     4 ||    21
